 Dungeon Crawl Stone Soup version 0.31-a0-672-g7da72447bb (webtiles) character file.

Game seed: 7123852515058856798

121 bjtr the Digger (level 5, 0/28 HPs)
             Began as a Gargoyle Earth Elementalist on Sept 4, 2023.
             Slain by a wyvern (11 damage)
             ... on level 4 of the Dungeon.
             The game lasted 00:08:53 (3422 turns).

bjtr the Digger (Gargoyle Earth Elementalist)       Turns: 3422, Time: 00:08:54

Health: 0/28       AC:  6    Str: 12    XL:     5   Next: 5%
Magic:  6/10       EV: 11    Int: 17    God:
Gold:   147        SH:  3    Dex: 10    Spells: 2/11 levels left

rFire   . . .        q - +4 dagger (venom)
rCold   . . .        g - +0 buckler
rNeg    + . .        a - +0 robe
rPois   ∞            (no helmet)
rElec   +            (no cloak)
rCorr   .            (no gloves)
SInv    .            (no boots)
Will    .....        (no amulet)
Stlth   ++           (no ring)
HPRegen 0.24/turn    (no ring)
MPRegen 0.12/turn

%: no passive effects
@: no status effects
A: sickness immunity, AC +4, negative energy resistance 1, electricity
resistance, torment resistance 1, petrification resistance
a: no special abilities


You were on level 4 of the Dungeon.
You visited 1 branch of the dungeon, and saw 4 of its levels.

You collected 147 gold pieces.

Inventory:

Hand Weapons
 c - a +0 dagger
 j - a +0 long sword
 k - a +0 flail
 q - a +4 dagger of venom (weapon)
Missiles
 e - 4 poisoned darts
Armour
 a - a +0 robe (worn)
 g - a +0 buckler (worn)
Magical Staves
 p - a staff of conjuration
Wands
 o - a wand of charming (17)
Scrolls
 d - 3 scrolls of teleportation
 f - 2 scrolls of identify
 i - 2 scrolls of noise {unknown}
 l - a scroll of fear {unknown}
Potions
 b - a potion of magic
 h - 3 potions of curing
 m - a potion of brilliance {unknown}
 n - a potion of enlightenment {unknown}


   Skills:
 + Level 0.4 Fighting
 + Level 1.8 Dodging
 + Level 2.4 Stealth
 + Level 0.8 Shields
 + Level 3.5 Spellcasting
 - Level 0.7 Transmutations
 + Level 4.8 Earth Magic


You had 2 spell levels left.
You knew the following spells:

 Your Spells              Type           Power      Damage    Failure   Level
a - Sandblast             Erth           38%        2d10      3%          1
b - Passwall              Tmut/Erth      10%        N/A       11%         2
c - Stone Arrow           Conj/Erth      22%        3d8       26%         3
d - Mephitic Cloud        Conj/Pois/Air  2%         N/A       56%         3

Your spell library contained the following spells:

 Spells                   Type           Power      Damage    Failure   Level
 Magic Dart               Conj           8%         1d3       24%         1
 Call Imp                 Summ           4%         N/A       34%         2
 Petrify                  Tmut/Erth      12%        N/A       58%         4


Dungeon Overview and Level Annotations

Branches:
Dungeon (4/15)
 Temple: D:4-7

Altars:
Makhleb

Shops:
D:2 =

Annotations:
D:3 3 runed translucent doors, MathMan16's ghost, amateur MiMo


Innate Abilities, Weirdness & Mutations

You are immune to sickness and miasma.
Your stone body is resilient. (AC +4)
You are immune to poison.
You resist negative energy. (rN+)
You are resistant to electric shocks. (rElec)
You are resistant to unholy torment.
You are immune to petrification.


Message History

Unknown command.
Casting: Sandblast (safe; 3% risk of failure)
Confirm with . or Enter, or press ? or * to list all spells.
Aiming: Sandblast (safe; 3% risk of failure)
Press: ? - help, Shift-Dir - straight line, f - wyvern
Aim: a wyvern (82% to hit)
The blast of sand hits the wyvern but does no damage.
The wyvern closely misses you.
Unknown command.
Casting: Sandblast (safe; 3% risk of failure)
Confirm with . or Enter, or press ? or * to list all spells.
Aiming: Sandblast (safe; 3% risk of failure)
Press: ? - help, Shift-Dir - straight line, f/p - wyvern
Aim: a wyvern (82% to hit)
The blast of sand hits the wyvern but does no damage.
The wyvern barely misses you. The wyvern bites you.
Unknown command.
Casting: Sandblast (safe; 3% risk of failure)
Confirm with . or Enter, or press ? or * to list all spells.
Aiming: Sandblast (safe; 3% risk of failure)
Press: ? - help, Shift-Dir - straight line, f/p - wyvern
Aim: a wyvern (82% to hit)
The blast of sand hits the wyvern.
The wyvern is moderately wounded.
The wyvern bites you. The wyvern completely misses you. The wyvern bites you!
Unknown command.
Casting: Sandblast (safe; 3% risk of failure)
Confirm with . or Enter, or press ? or * to list all spells.
Aiming: Sandblast (safe; 3% risk of failure)
Press: ? - help, Shift-Dir - straight line, f/p - wyvern
Aim: a wyvern (moderately wounded, 82% to hit)
The blast of sand hits the wyvern.
The wyvern is heavily wounded.
The wyvern closely misses you.
The wyvern bites you but does no damage.
You hit the wyvern.
The wyvern is poisoned.
The wyvern is heavily wounded.
The wyvern bites you but does no damage.
The wyvern bites you!
You die...

...##.##
##.##..#
....#'# #+
#+##.##
...##.##
##. #....#
..##...##
##..
###.####
'##.....#
...
##+##...#
..##...##
†.
#.....###
...##.## .#
#.###.#####
##..#'#..#
#l#...#
###.....#
#.@.###
#######
#####


You could see a wyvern (poisoned).

Vanquished Creatures
  A hound (D:4)
  6 adders
  An orc (D:2)
  5 endoplasms
  A giant cockroach (D:1)
  9 goblins
  3 hobgoblins
  A quokka (D:4)
  A bat (D:2)
  4 frilled lizards
  5 kobolds
  2 rats
39 creatures vanquished.

Notes
Turn   | Place    | Note
-------+----------+-------------------------------------------
     0 | D:1      | bjtr the Gargoyle Earth Elementalist began the quest for
                  | the Orb.
     0 | D:1      | Reached XP level 1. HP: 10/10 MP: 3/3
   555 | D:1      | Reached XP level 2. HP: 15/15 MP: 3/5
   614 | D:1      | Reached skill level 4 in Earth Magic
   743 | D:1      | Found a faded altar of an unknown god.
  1556 | D:2      | Reached XP level 3. HP: 15/19 MP: 5/7
  1735 | D:2      | Found a burning altar of Makhleb.
  1853 | D:2      | Found Ibeahyucs's Jewellery Emporium.
  2328 | D:3      | Reached XP level 4. HP: 24/24 MP: 5/8
  2399 | D:3      | Learned a level 2 spell: Passwall
  2403 | D:3      | Learned a level 3 spell: Stone Arrow
  2407 | D:3      | Learned a level 3 spell: Mephitic Cloud
  2441 | D:3      | Found a burning altar of Makhleb.
  2706 | D:3      | Found a runed translucent gate.
  2708 | D:3      | Found a runed translucent gate.
  2709 | D:3      | Found a runed translucent gate.
  2709 | D:3      | Noticed MathMan16's ghost (amateur MiMo)
  3309 | D:4      | Reached XP level 5. HP: 28/28 MP: 8/10
  3416 | D:4      | Noticed a wyvern
  3422 | D:4      | Slain by a wyvern

Illustrated notes

Levels and vault maps discovered:
D:1:      lightli_arrival_noodles, layout_basic,
          shapermc_ecumenical_altar_acropolis
D:2:      minmay_evil_eye, layout_loops_ring, serial_shops, shop, basic_altar,
          minmay_pentomino_u4
D:3:      layout_basic, bloody_makhleb, ebering_ghost_rock_garden,
          kennysheep_minor_cross
D:4:      layout_basic, fedhas_altar_fruit_tree, lemuel_coloured_pillars_altar,
          lemuel_crystal_altar, nicolae_hexahallways

Skill      XL: |  1  2  3 |
---------------+----------+-----
Earth Magic    | 4 |  4.8
Spellcasting   | 3 |  3.5
Fighting       | |  0.4
Dodging        | |  1.8
Stealth        | |  2.4
Shields        | |  0.8
Transmutations | |  0.7

Action                     |  1- 3 |  4- 6 || total
---------------------------+-------+-------++-------
  Melee: Long sword        |     8 |       ||     8
         Flail             |    27 |    20 ||    47
         Dagger            |       |     1 ||     1
   Cast: Sandblast         |    37 |    18 ||    55
    Use: Scroll            |     2 |       ||     2
 Armour: Robe              |    37 |    19 ||    56
  Dodge: Dodged            |    34 |    22 ||    56
  Block: Buckler           |     9 |     2 ||    11

Table legend: (Time is in decaauts)
 A = Elapsed time spent in this place.
 B = Non-inter-level travel time spent in this place.
 C = Inter-level travel time spent in this place.
 D = Time resting spent in this place.
 E = Time spent auto-exploring this place.
 F = Levels seen in this place.
 G = Mean time per level.
                   A        B        C        D        E       F      G
               +--------+--------+--------+--------+--------+-----+--------+
         Total |   3474 |   3095 |    379 |    187 |   2500 |   4 |  868.5 |
       Dungeon |   3474 |   3095 |    379 |    187 |   2500 |   4 |  868.5 |
               +--------+--------+--------+--------+--------+-----+--------+

Top non-repeatable levels by time:
     D:1: 1317 daAuts
     D:2: 912 daAuts
     D:3: 780 daAuts
     D:4: 463 daAuts
